 Dungeon Crawl Stone Soup version 0.24-a0-264-gf46a388 (webtiles) character file.

Game seed: 16033125777513796269

115430 mhoghedin the Fighter (level 16, -7/145 HPs)
             Began as a Centaur Fighter on Apr 20, 2019.
             Was the Champion of Okawaru.
             Killed from afar by a shock serpent (15 damage)
             ... with a bolt of electricity
             ... on level 2 of the Snake Pit.
             The game lasted 01:04:37 (30020 turns).

mhoghedin the Fighter (Centaur Fighter)            Turns: 30020, Time: 01:04:38

Health: -7/145     AC: 36    Str: 26    XL:     16   Next: 18%
Magic:  28/28      EV:  4    Int: 11    God:    Okawaru [******]
Gold:   629        SH:  0    Dex:  9    Spells: 15/15 levels left

rFire    . . .     SeeInvis .     - Unarmed
rCold    + . .     Gourm    .   (no shield)
rNeg     . . .     Faith    .   T - +8 crystal plate armour of Odaithea {MP+9}
rPois    +         Spirit   .   N - +0 hat {MR+}
rElec    .         Reflect  .   U - +0 cloak of the Past {Int+4}
rCorr    .         Harm     .   g - +0 pair of gloves
MR       ++...                  D - +4 centaur barding {rC+}
Stlth    ..........             q - amulet of regeneration {+regen, !d}
HPRegen  0.74/turn              i - ring of poison resistance {rPois, !d}
MPRegen  0.21/turn              y - +3 ring of slaying

@: lethally poisoned (-7 -> -7), about to teleport, very quick
A: large, hooves 3, deformed body, speed 2, tough skin 3
a: Heroism, Finesse, Renounce Religion


You were on level 2 of the Snake Pit.
You worshipped Okawaru.
Okawaru was exalted by your worship.
You were not hungry.

You visited 3 branches of the dungeon, and saw 24 of its levels.
You also visited: Sewer.

You collected 1727 gold pieces.
You spent 1098 gold pieces at shops.

Inventory:

Hand Weapons
 a - a +4 longbow of flaming
   (You took it off Nessos on level 5 of the Lair of Beasts)
Missiles
 l - 2 throwing nets {=f, !d}
 M - 382 arrows
Armour
 g - a +0 pair of gloves (worn)
   (You found it on level 3 of the Dungeon)
 D - a +4 centaur barding of cold resistance (worn)
   (Okawaru gifted it to you on level 2 of the Lair of Beasts)
 N - a +0 hat of magic resistance (worn)
   (Okawaru gifted it to you on level 2 of the Snake Pit)
 T - the +8 crystal plate armour of Odaithea (worn) {MP+9}
   (Okawaru gifted it to you on level 14 of the Dungeon)

   It affects your magic capacity (+9).
 U - the +0 cloak of the Past (worn) {Int+4}
   (You found it on level 15 of the Dungeon)

   It affects your intelligence (+4).
Jewellery
 i - a ring of poison resistance (left hand) {rPois, !d}
   (You found it on level 1 of the Dungeon)
 k - an uncursed ring of protection from fire {rF+, !d}
   (You found it on level 11 of the Dungeon)
 n - an uncursed ring of ice {rC+, rF-}
   (You found it on level 3 of the Dungeon)
 q - an amulet of regeneration (around neck) {+regen, !d}
   (You found it on level 14 of the Dungeon)
 t - an uncursed ring of protection from magic {MR+, !d}
   (You bought it in a shop on level 12 of the Dungeon)
 y - a +3 ring of slaying (right hand)
   (You took it off an orc wizard on level 10 of the Dungeon)
 I - a +3 ring of evasion
   (You found it on level 11 of the Dungeon)
 R - an uncursed ring of flight {+Fly, !d}
   (You found it on level 11 of the Dungeon)
Wands
 v - a wand of acid (25)
   (You found it on level 1 of the Lair of Beasts)
 A - a wand of enslavement (7)
   (You found it on level 1 of the Snake Pit)
 B - a wand of flame (34)
   (You found it on level 1 of the Lair of Beasts)
 F - a wand of polymorph (10)
   (You found it on level 3 of the Lair of Beasts)
 H - a wand of digging (2)
   (You found it on level 2 of the Lair of Beasts)
 L - a wand of scattershot (4)
   (You found it on level 4 of the Lair of Beasts)
 Q - a wand of random effects (17)
   (You took it off Maurice on level 13 of the Dungeon)
Scrolls
 c - 19 scrolls of remove curse
 e - 3 scrolls of fog
 h - 2 scrolls of amnesia
 j - 4 scrolls of fear
 o - 3 scrolls of immolation {!r}
 u - 6 scrolls of teleportation
 C - 3 scrolls of blinking {!r}
 J - a scroll of summoning
 W - a scroll of identify
Potions
 b - a potion of agility
 d - a potion of heal wounds
 f - 4 potions of brilliance
 m - 4 potions of curing
 p - a potion of might
 r - 2 potions of ambrosia
 w - 4 potions of flight
 x - 2 potions of berserk rage {!q}
 z - 5 potions of degeneration {!q}
 E - a potion of mutation {!q}
 O - 2 potions of resistance
 P - a potion of invisibility
 S - 2 potions of magic
Miscellaneous
 G - a fan of gales
   (You found it on level 2 of the Snake Pit)
 V - a lamp of fire
   (You found it on level 15 of the Dungeon)
Comestibles
 s - 21 rations


   Skills:
 + Level 13.8 Fighting
 - Level 13.5 Bows
 + Level 9.3 Armour
 + Level 9.0 Dodging
   Level 9.0 Shields
 - Level 13.3 Unarmed Combat
 - Level 5.1 Invocations


You had 15 spell levels left.
You didn't know any spells.
Your spell library contained the following spells:

 Spells                   Type           Power        Failure   Level  Hunger
 Beastly Appendage        Tmut           #.....       100%        1    ##.....
 Confusing Touch          Hex            #.....       100%        1    ##.....
 Flame Tongue             Conj/Fire      #....        100%        1    ##.....
 Magic Dart               Conj           #...         100%        1    ##.....
 Sting                    Conj/Pois      #...         100%        1    ##.....
 Summon Butterflies       Summ           #.......     100%        1    ##.....
 Blink                    Tloc           N/A          100%        2    ###....
 Call Imp                 Summ           #.......     100%        2    ###....
 Poisonous Vapours        Pois/Air       #.....       100%        2    ###....
 Slow                     Hex            #.......     100%        2    ###....
 Sticks to Snakes         Tmut           #.......     100%        2    ###....
 Throw Flame              Conj/Fire      #.....       100%        2    ###....
 Call Canine Familiar     Summ           #.......     100%        3    ####...
 Confuse                  Hex            #.......     100%        3    ####...
 Conjure Flame            Conj/Fire      #.......     100%        3    ####...
 Gell's Gravitas          Tloc           #.........   100%        3    ####...
 Inner Flame              Hex/Fire       #.......     100%        3    ####...
 Mephitic Cloud           Conj/Pois/Air  #.......     100%        3    ####...
 Spider Form              Tmut/Pois      #.........   100%        3    ####...
 Ice Form                 Ice/Tmut       #.......     100%        4    #####..
 Olgreb's Toxic Radiance  Pois           #.......     100%        4    #####..
 Petrify                  Tmut/Erth      #.......     100%        4    #####..
 Sticky Flame             Conj/Fire      #.......     100%        4    #####..
 Summon Ice Beast         Ice/Summ       #.......     100%        4    #####..
 Blade Hands              Tmut           #.........   100%        5    ######.
 Bolt of Magma            Conj/Fire/Erth #.........   100%        5    ######.
 Fireball                 Conj/Fire      #.........   100%        5    ######.
 Irradiate                Conj/Tmut      #.........   100%        5    ######.
 Iskenderun's Battlesphe  Conj/Chrm      #.......     100%        5    ######.
 Metabolic Englaciation   Hex/Ice        #.........   100%        5    ######.
 Summon Mana Viper        Hex/Summ       #.......     100%        5    ######.
 Venom Bolt               Conj/Pois      #.........   100%        5    ######.
 Yara's Violent Unravell  Hex/Tmut       #.........   100%        5    ######.
 Hydra Form               Tmut           #.........   100%        6    #######
 Iron Shot                Conj/Erth      #.........   100%        6    #######
 Statue Form              Tmut/Erth      #........    100%        6    #######
 Dragon Form              Tmut           #.........   100%        7    #######
 Orb of Destruction       Conj           #.........   100%        7    #######
 Spellforged Servitor     Conj/Summ      #.........   100%        7    #######
 Summon Hydra             Summ           #.........   100%        7    #######


Dungeon Overview and Level Annotations

Branches:
Dungeon (15/15)            Temple (0/1) D:7            Lair (6/6) D:10
 Shoals (0/4) Lair:4        Snake (3/4) Lair:2        Slime (0/5) Lair:6
    Orc (0/2) D:12         Vaults (0/5) D:14         Depths (0/5) D:15

Altars:
Ashenzari
Cheibriados
Dithmenos
Elyvilon
Fedhas
Kikubaaqudgha
Makhleb
Okawaru
Sif Muna
Vehumet
Wu Jian
Xom
Yredelemnul
Jiyva

Shops:
D:5 [   D:12 =

Portals:
Hell: Lair:6

Annotations:
D:2 Sigmund
D:12 1 runed translucent door, aspa's ghost, journeyman OpWz


Innate Abilities, Weirdness & Mutations

You have hooves in place of feet.
Armour fits poorly on your strangely shaped body.
You cover ground very quickly.
You have extremely tough skin. (AC +3)


Message History

The naga mage seems to speed up.
Unknown command.
You closely miss Aizul. Your kick misses Aizul.
You feel sick. Aizul hits you!
A shock serpent comes into view.
You take 8 damage, and have 79/145 hp.
You squash Aizul like an ant!!!
Your kick misses Aizul. Aizul hits you but does no damage.
You punch Aizul! Aizul hits you but does no damage.
You closely miss Aizul. Your kick misses Aizul.
You feel sick. Aizul hits you but does no damage.
You take 1 damage, and have 79/145 hp.
MP restored: 28 You closely miss Aizul.
You kick Aizul, but do no damage. Aizul casts a spell at you.
The poison arrow hits you.
You are more poisoned.
You partially resist.
You take 5 damage, and have 74/145 hp.
Unknown command.
You miss Aizul. Your kick misses Aizul.
You feel sick. Aizul hits you but does no damage.
You take 1 damage, and have 73/145 hp.
You pummel Aizul!!
You feel sick.
Aizul coils herself and waves her upper body at you.
The poison arrow hits you but does no damage.
You are more poisoned.
Unknown command.
You pummel Aizul!!
You kill Aizul!
Okawaru accepts your kill.
You feel sick.
You hear an angry hiss.
The shock serpent bites you! The shock serpent shocks you!
You take 26 damage, and have 47/145 hp.
You feel sick.
A shock serpent comes into view.
You see here an anaconda corpse.
As you read the scroll of fear, it crumbles to dust.
You assume a fearsome visage.
The shock serpent looks frightened!
The shock serpent hisses angrily.
The shock serpent looks frightened!
The naga mage looks frightened!
You feel sick.
The naga mage gestures at you while chanting.
You resist with almost no effort.
You take 1 damage, and have 46/145 hp.
Unknown command.
You feel sick.
Cornered, the naga mage turns to fight!
The naga mage casts a spell at you. You resist with almost no effort.
There is a stone staircase leading up, spattered with blood here.
You see here 5 bolts.
You feel sick.
The naga mage hits you but does no damage.
The naga mage grabs you.
You stop ascending the stairs.
The naga mage constricts you.
You take 1 damage, and have 45/145 hp.
Unknown command.
Unknown command.
You escape the naga mage's grasp.
You feel sick.
The shock serpent shoots out a bolt of lightning at you!
The bolt of electricity hits you!!
* * * LOW HITPOINT WARNING * * *
The bolt of electricity hits the shock serpent.
The shock serpent completely resists.
The shock serpent's attack snaps the shock serpent out of its fear.
The naga mage spits poison at you. The splash of poison misses you.
You climb upwards.
You feel sick.
There is a stone staircase leading down here.
You take 20 damage, and have 25/145 hp.
Unknown command.
As you read the scroll of fear, it crumbles to dust.
You assume a fearsome visage.
The naga mage looks frightened!
You feel sick.
The shock serpent bites you but does no damage.
The naga mage points at you and mumbles some strange words.
You resist with almost no effort.
The shock serpent bites you but does no damage.
The naga mage gives up.
Cornered, the naga mage turns to fight!
The naga mage points at you and mumbles some strange words.
You resist with almost no effort.
Unknown command.
As you read the scroll of fear, it crumbles to dust.
You assume a fearsome visage.
The naga mage looks frightened!
You feel sick.
The shock serpent bites you but does no damage.
The naga mage casts a spell at you. You resist with almost no effort.
As you read the scroll of teleportation, it crumbles to dust.
You feel strangely unstable.
You feel sick.
The shock serpent seems to regain its courage.
The shock serpent barely misses you. x2
You feel like a meek peon again.
You feel sick.
The shock serpent shoots out a bolt of lightning at you!
The bolt of electricity hits you!
* * * LOW HITPOINT WARNING * * *
The bolt of electricity hits you!
You die...

#..##...#..###....## ##......##
#..##...##..#....## #.......## #
...#.............# ###..###...###
.................###...## ##...##
..##............##......# ###...
..#.................N...## ##..
.........................# ##..
................S........## ##^..
................@>........###....
..............#########....#.....
......####....## ###........
......# ##....# #........ ......#
##....## ##........ ......##
#......## ##.........
#####..###..##...#### #..........
##..#..####.....###..........
##.....##...................


You could see a shock serpent and a naga mage (fleeing).

Vanquished Creatures
  Jorgrun (D:12)
  Gastronok (D:12)
  Kirke (D:14)
  Donald (Snake:1)
  Louise (D:14)
  Aizul (Snake:3)
  Nessos (Lair:5)
  2 dire elephants
  Snorg (Lair:3)
  Josephine (D:14)
  Fannar (D:11)
  6 naga warriors
  3 hydras
  A hell beast (Lair:6)
  3 centaur warriors
  8 anacondas
  8 two-headed ogres
  4 death yaks
  A tengu warrior (D:15)
  An ogre mage (D:15)
  A shock serpent (Snake:2)
  2 naga sharpshooters
  4 skeletal warriors (D:13)
  2 salamander mystics (Snake:2)
  2 naga ritualists (Snake:2)
  2 unseen horrors
  A wizard (Lair:6)
  An orc knight (D:14)
  Pikel (D:9)
  4 deep elf magi
  A necromancer (D:14)
  5 cyclopes
  3 ugly things (D:12)
  3 mana vipers (Snake:2)
  A wolf spider (D:15)
  The ghost of xeno23 the Covert, a novice OpAs of Uskayaw (D:9)
  A guardian serpent (Snake:2)
  2 manticores (D:14)
  7 elephants (Lair:6)
  4 salamanders
  8 naga magi
  21 black mambas
  Maurice (D:13)
  A smoke demon (Lair:6)
  A gargoyle (D:14)
  A torpor snail (Lair:4)
  11 spiny frogs
  4 orange demons (Lair:6)
  8 rime drakes
  A yaktaur (D:15)
  3 kobold demonologists (D:11)
  8 komodo dragons
  A tengu conjurer (D:12)
  4 trolls
  A polar bear (Lair:4)
  2 red devils (Lair:6)
  A jumping spider (shapeshifter) (D:13)
  Grinder (D:5)
  16 dream sheep
  20 hippogriffs
  16 slime creatures
  8 blink frogs
  A snapping turtle (Lair:4)
  2 shadows
  26 yaks
  3 basilisks
  2 spriggans (D:9)
  5 wyverns
  5 wraiths (D:14)
  Grum (D:8)
  2 hogs (D:14)
  2 hungry ghosts
  16 nagas
  3 wargs
  11 water moccasins
  16 porcupines
  3 hell hounds (Lair:6)
  4 sky beasts
  7 orc warriors
  2 black bears
  A hornet zombie (D:14)
  3 phantoms
  An eye of draining (D:13)
  A necrophage (D:9)
  3 ogres
  14 wolves
  8 centaurs
  16 crocodiles
  4 big kobolds
  12 bullfrogs
  2 gnoll sergeants (D:8)
  A wyvern zombie (D:13)
  3 scorpions
  A wyvern skeleton (D:6)
  11 killer bees
  14 wights
  3 electric eels (Lair:4)
  A howler monkey (D:10)
  7 crimson imps
  3 bullfrog zombies
  4 centaur zombies
  A quasit (D:11)
  10 hounds
  7 jellies
  6 centaur skeletons
  15 orc priests
  2 gnoll shamans
  2 bullfrog skeletons
  12 orc wizards
  3 hell rats
  2 iguanas (D:11)
  Natasha (thrice) (D:4)
  19 worker ants
  2 hound zombies
  A worker ant zombie (D:11)
  12 gnolls
  11 river rats (Lair:1)
  13 adders
  2 shadow imps
  An ooze (D:3)
  2 adder zombies
  2 worms
  2 dart slugs
  9 leopard geckos
  51 orcs
  6 giant cockroaches
  9 goblins
  8 hobgoblins
  13 jackals
  28 kobolds
  4 quokkas
  4 ball pythons
  12 bats
  5 frilled lizards
  A quokka zombie (D:9)
  7 rats
744 creatures vanquished.

Vanquished Creatures (others)
  A human (D:14)
  A slave (D:9)
  A bullfrog (D:14)
  An orc wizard (D:7)
  A quokka (D:9)
  A bush (Lair:2)
  8 fungi
  11 plants
  A withered plant (D:12)
26 creatures vanquished.

Grand Total: 770 creatures vanquished

Notes
Turn   | Place    | Note
-------+----------+-------------------------------------------
     0 | D:1      | mhoghedin the Centaur Fighter began the quest for the Orb.
     0 | D:1      | Reached XP level 1. HP: 19/19 MP: 1/1
    84 | D:1      | Reached XP level 2. HP: 18/26 MP: 2/2
   613 | D:1      | Reached skill level 3 in Unarmed Combat
   749 | D:1      | Reached XP level 3. HP: 24/31 MP: 3/3
  1036 | D:2      | HP: 6/31 [jackal (2)]
  1542 | D:2      | Noticed Sigmund
  1710 | D:2      | Reached skill level 4 in Unarmed Combat
  1838 | D:2      | Reached XP level 4. HP: 23/38 MP: 4/4
  2171 | D:3      | Found a glowing drain.
  2230 | Sewer    | Entered a sewer
  2358 | Sewer    | Noticed a big kobold
  2377 | Sewer    | Killed a big kobold
  2377 | Sewer    | Reached skill level 5 in Unarmed Combat
  2377 | Sewer    | Reached XP level 5. HP: 25/45 MP: 5/5
  2605 | Sewer    | HP: 11/45 [kobold (1)]
  2610 | Sewer    | HP: 5/45 [big kobold/+0 short sword (3)]
  2614 | Sewer    | Reached skill level 6 in Unarmed Combat
  3113 | Sewer    | Reached XP level 6. HP: 21/51 MP: 6/6
  4427 | D:4      | Noticed Natasha
  4432 | D:4      | Killed Natasha
  4432 | D:4      | Reached skill level 7 in Unarmed Combat
  4768 | D:4      | Noticed Natasha
  4783 | D:4      | Killed Natasha
  4783 | D:4      | Reached XP level 7. HP: 48/57 MP: 7/7
  4812 | D:4      | Noticed Natasha
  4823 | D:4      | Killed Natasha
  4823 | D:4      | Reached skill level 8 in Unarmed Combat
  5314 | D:4      | Found a burning altar of Makhleb.
  5431 | D:5      | Entered Level 5 of the Dungeon
  5555 | D:5      | Found a burning altar of Makhleb.
  5559 | D:5      | Reached skill level 4 in Fighting
  5559 | D:5      | Reached skill level 3 in Shields
  5612 | D:5      | Reached XP level 8. HP: 25/67 MP: 8/8
  5782 | D:5      | Reached skill level 5 in Fighting
  6241 | D:5      | Reached skill level 4 in Shields
  6276 | D:5      | Noticed Grinder
  6283 | D:5      | Paralysed by Grinder for 4 turns
  6294 | D:5      | Killed Grinder
  6294 | D:5      | Reached skill level 6 in Fighting
  6427 | D:5      | Found a white marble altar of Elyvilon.
  6637 | D:5      | Found Acsaareu's Armour Boutique.
  6686 | D:6      | Found a blossoming altar of Fedhas.
  6688 | D:6      | Found an ancient bone altar of Kikubaaqudgha.
  6828 | D:6      | Reached skill level 5 in Shields
  6881 | D:6      | HP: 16/71 [orc warrior/+0 dire flail (17)]
  7159 | D:6      | Reached XP level 9. HP: 37/78 MP: 9/9
  7407 | D:6      | Reached skill level 7 in Fighting
  7547 | D:6      | Found a radiant altar of Vehumet.
  7908 | D:6      | Found an iron altar of Okawaru.
  7927 | D:6      | Became a worshipper of Warmaster Okawaru
  8266 | D:7      | Found a staircase to the Ecumenical Temple.
  8587 | D:7      | HP: 19/80 [killer bee (4)]
  8593 | D:7      | Reached * piety under Okawaru
  8663 | D:7      | Reached skill level 9 in Unarmed Combat
  8934 | D:7      | Found a basalt altar of Yredelemnul.
  8968 | D:7      | Reached ** piety under Okawaru
  8973 | D:7      | Found a shattered altar of Ashenzari.
  9038 | D:7      | Reached skill level 10 in Unarmed Combat
  9039 | D:7      | Found an ornate altar of the Wu Jian Council.
  9260 | D:7      | Found an iron altar of Okawaru.
  9303 | D:7      | Reached skill level 1 in Invocations
  9553 | D:7      | Found a deep blue altar of Sif Muna.
  9657 | D:8      | Reached skill level 8 in Fighting
  9709 | D:8      | Noticed Grum
  9737 | D:8      | Reached skill level 2 in Invocations
  9742 | D:8      | Killed Grum
  9748 | D:8      | Reached XP level 10. HP: 58/88 MP: 9/12
  9761 | D:8      | HP: 22/88 [wolf[Grum] (5)]
  9772 | D:8      | Reached skill level 3 in Invocations
 10609 | D:8      | Reached skill level 4 in Invocations
 10757 | D:9      | Found a shadowy altar of Dithmenos.
 10837 | D:9      | Noticed Pikel
 10883 | D:9      | Killed Pikel
 10883 | D:9      | Reached skill level 9 in Fighting
 10883 | D:9      | Reached skill level 5 in Invocations
 10945 | D:9      | Found a runed translucent door.
 10945 | D:9      | Identified the +7 spear "Olotedea" {holy, Str+2 Int+4
                  | Dex+4}
 10947 | D:9      | Noticed xeno23's ghost (novice OpAs)
 10997 | D:9      | Reached *** piety under Okawaru
 11351 | D:9      | HP: 10/91 [xeno23's ghost/spray of energy (15)]
 11355 | D:9      | Killed xeno23's ghost
 11588 | D:10     | Entered Level 10 of the Dungeon
 11608 | D:10     | Found a staircase to the Lair.
 11714 | D:10     | Reached skill level 10 in Fighting
 11714 | D:10     | Reached skill level 6 in Shields
 11721 | D:10     | Reached **** piety under Okawaru
 11799 | D:10     | Found a flagged portal.
 12212 | D:10     | Reached XP level 11. HP: 97/101 MP: 14/14
 12542 | D:10     | Found a snail-covered altar of Cheibriados.
 12711 | Lair:1   | Entered Level 1 of the Lair of Beasts
 12736 | Lair:1   | Reached ***** piety under Okawaru
 13336 | Lair:1   | Reached skill level 7 in Shields
 13614 | Lair:1   | Reached skill level 11 in Fighting
 14048 | Lair:2   | Noticed a seven-headed hydra
 14056 | Lair:2   | Killed a seven-headed hydra
 14056 | Lair:2   | Received a gift from Okawaru
 14471 | Lair:2   | Reached skill level 11 in Unarmed Combat
 14729 | Lair:2   | Reached skill level 12 in Fighting
 14869 | Lair:2   | Found a staircase to the Snake Pit.
 15483 | Lair:3   | Noticed Snorg
 15686 | D:5      | Bought the cursed +1 plate armour "Okkuarphi" {rF++ MR+
                  | Regen+ Stlth-} for 698 gold pieces
 15863 | Lair:3   | Reached XP level 12. HP: 89/112 MP: 15/15
 15945 | Lair:3   | Noticed a seven-headed hydra
 15978 | Lair:3   | Killed a seven-headed hydra
 15978 | Lair:3   | Reached skill level 1 in Dodging
 16073 | Lair:3   | Reached skill level 3 in Armour
 16168 | Lair:3   | Reached skill level 2 in Dodging
 16344 | Lair:3   | Killed Snorg
 16640 | Lair:3   | Reached skill level 3 in Dodging
 16852 | Lair:4   | Received a gift from Okawaru
 16855 | Lair:4   | Got a distressingly furry robe {god gift}
 16856 | Lair:4   | Identified the +2 robe of Okawaru's Regard {Int+4} (Okawaru
                  | gifted it to you on level 4 of the Lair of Beasts)
 16865 | Lair:4   | Reached skill level 8 in Shields
 16900 | Lair:4   | Reached skill level 4 in Armour
 17184 | Lair:4   | Got a steaming robe
 17189 | Lair:4   | Identified the cursed +0 robe of the Other Side {rN+ Str+3}
                  | (You found it on level 4 of the Lair of Beasts)
 17836 | Lair:4   | Reached skill level 4 in Dodging
 18165 | Lair:4   | Found a staircase to the Shoals.
 18539 | Lair:5   | Reached skill level 5 in Armour
 18717 | Lair:5   | Reached XP level 13. HP: 115/118 MP: 16/16
 18813 | Lair:5   | Noticed Nessos
 18843 | Lair:5   | Killed Nessos
 18865 | Lair:5   | You fall through a shaft!
 18865 | Lair:6   | Entered Level 6 of the Lair of Beasts
 18902 | Lair:6   | Found a burning altar of Makhleb.
 18922 | Lair:6   | Reached skill level 5 in Dodging
 18937 | Lair:6   | Received a gift from Okawaru
 18937 | Lair:6   | Reached skill level 9 in Shields
 18989 | Lair:6   | Found a gateway to Hell.
 19169 | Lair:6   | Reached skill level 6 in Armour
 19212 | Lair:6   | Noticed a dire elephant
 19228 | Lair:6   | Killed a dire elephant
 19342 | Lair:6   | Reached skill level 6 in Dodging
 19443 | Lair:6   | Reached ****** piety under Okawaru
 19443 | Lair:6   | Received a gift from Okawaru
 19482 | Lair:6   | Reached skill level 7 in Armour
 19775 | Lair:6   | Reached skill level 7 in Dodging
 19927 | Lair:6   | Reached skill level 2 in Bows
 19936 | Lair:6   | Received a gift from Okawaru
 19936 | Lair:6   | Reached skill level 3 in Bows
 19945 | Lair:6   | HP: 8/118 [death yak (52)]
 20118 | Lair:5   | Reached skill level 4 in Bows
 20135 | Lair:5   | Reached XP level 14. HP: 87/126 MP: 17/17
 20201 | Lair:6   | Reached skill level 5 in Bows
 20302 | Lair:6   | Found a viscous altar of Jiyva.
 20302 | Lair:6   | Found a staircase to the Slime Pits.
 21064 | D:11     | Reached skill level 6 in Bows
 21089 | D:11     | Noticed Fannar
 21106 | D:11     | Killed Fannar
 21204 | D:11     | Reached skill level 7 in Bows
 21578 | D:11     | Found a deep blue altar of Sif Muna.
 21694 | D:11     | Received a gift from Okawaru
 22063 | D:12     | Found Kaeph's Jewellery Shoppe.
 22156 | D:12     | Noticed Gastronok
 22167 | D:12     | Killed Gastronok
 22167 | D:12     | Reached skill level 8 in Bows
 22190 | D:12     | Noticed Jorgrun
 22204 | D:12     | Killed Jorgrun
 22204 | D:12     | Received a gift from Okawaru
 22204 | D:12     | Reached skill level 9 in Bows
 22204 | D:12     | Reached skill level 12 in Unarmed Combat
 22208 | D:12     | Got a bloodstained shortbow {god gift}
 22209 | D:12     | Identified the +2 shortbow of Rotation {flame, Str+5}
                  | (Okawaru gifted it to you on level 12 of the Dungeon)
 22537 | D:12     | Found a staircase to the Orcish Mines.
 22782 | D:12     | Found a runed translucent door.
 22782 | D:12     | Noticed aspa's ghost (journeyman OpWz)
 23199 | D:12     | Reached skill level 10 in Bows
 23287 | D:13     | Found a deep blue altar of Sif Muna.
 23289 | D:13     | Noticed Maurice
 23309 | D:13     | Killed Maurice
 23514 | D:13     | Received a gift from Okawaru
 23610 | D:13     | Reached skill level 11 in Bows
 23725 | D:13     | Received a gift from Okawaru
 24121 | D:13     | Got a crystal flail
 24122 | D:13     | Identified the +3 flail "Ruiv" {crush, rF+ Str-4 Dex+8}
                  | (You found it on level 13 of the Dungeon)
 24443 | D:14     | Noticed Louise
 24452 | D:14     | Reached skill level 12 in Bows
 24484 | D:14     | Killed Louise
 24499 | D:14     | Noticed Josephine
 24635 | D:14     | Killed Josephine
 24768 | D:14     | Got a creamy pearl robe
 24844 | D:14     | Noticed Kirke
 24847 | D:14     | Reached skill level 13 in Unarmed Combat
 24861 | D:14     | Killed Kirke
 24861 | D:14     | Reached skill level 13 in Bows
 24861 | D:14     | Reached XP level 15. HP: 55/133 MP: 15/18
 25226 | D:14     | Received a gift from Okawaru
 25229 | D:14     | Got a smoking crystal plate armour {god gift}
 25240 | D:14     | Identified the +8 crystal plate armour of Odaithea {MP+9}
                  | (Okawaru gifted it to you on level 14 of the Dungeon)
 25509 | D:14     | Found a gate to the Vaults.
 25637 | D:15     | Entered Level 15 of the Dungeon
 25980 | D:15     | Got a slimy cloak
 26040 | D:15     | Identified the +0 cloak of the Past {Int+4} (You found it
                  | on level 15 of the Dungeon)
 26079 | D:15     | HP: 19/134 [enormous slime creature (52)]
 26367 | D:15     | Reached skill level 8 in Armour
 26873 | D:15     | Found a staircase to the Depths.
 27087 | D:12     | Bought an uncursed ring of protection from magic for 400
                  | gold pieces
 27258 | Snake:1  | Entered Level 1 of the Snake Pit
 27537 | Snake:1  | Noticed Donald
 27552 | Snake:1  | Killed Donald
 27552 | Snake:1  | Received a gift from Okawaru
 27552 | Snake:1  | Reached skill level 13 in Fighting
 27552 | Snake:1  | Reached skill level 8 in Dodging
 27674 | Snake:1  | Found a shimmering altar of Xom.
 28467 | Snake:2  | Received a gift from Okawaru
 28703 | Snake:2  | Reached skill level 9 in Armour
 28709 | Snake:2  | HP: 34/136 [naga warrior/+0 trident (15)]
 28714 | Snake:2  | HP: 33/136 [poisoned by a naga (splash of poison)]
 28719 | Snake:2  | HP: 31/136 [poisoned by a naga (splash of poison)]
 28724 | Snake:2  | HP: 27/136 [poisoned by a naga (splash of poison)]
 28728 | Snake:2  | HP: 12/136 [naga warrior/+0 hand axe (5)]
 28740 | Snake:2  | HP: 28/136 [salamander (8)]
 28742 | Snake:2  | Reached XP level 16. HP: 30/144 MP: 19/19
 28746 | Snake:2  | HP: 30/144 [poisoned by a naga warrior (splash of poison)]
 28753 | Snake:2  | HP: 33/144 [poisoned by a naga warrior (splash of poison)]
 29995 | Snake:3  | Reached skill level 9 in Dodging
 29996 | Snake:3  | Noticed Aizul
 30010 | Snake:3  | Killed Aizul
 30015 | Snake:3  | HP: 26/145 [shock serpent/bolt of electricity (18)]
 30020 | Snake:2  | HP: 24/145 [poisoned by Aizul (poison arrow)]
 30020 | Snake:2  | HP: 8/145 [shock serpent/bolt of electricity (16)]
 30020 | Snake:2  | Killed from afar by a shock serpent

Levels and vault maps discovered:
D:1:      lightli_arrival_lavapool, layout_basic
D:2:      lemuel_upstairs_altar, layout_basic, uniq_sigmund
D:3:      layout_basic, portal_sewer_entry_a, serial_forest,
          infiniplex_forest_clump_large, infiniplex_forest_zigzag_1,
          infiniplex_forest_clump_diagonal, infiniplex_forest_lined_corner,
          infiniplex_forest_lined_ring, infiniplex_forest_end_2,
          infiniplex_forest_corner_2, infiniplex_forest_straight_1,
          infiniplex_forest_lined_2
D:4:      layout_loops_ring, lemuel_coloured_pillars_altar, uniq_natasha
D:5:      layout_basic, lemuel_doored_altar, serial_shops, shop, first_ration,
          basic_altar, uniq_grinder
D:6:      layout_basic, grunt_temple_overflow_growth_and_decay,
          nicolae_overflow_crystal_walls, basic_altar
D:7:      layout_basic, old_standard_altar, old_standard_altar, tgw_sif,
          nicolae_overflow_hidden_temple, minmay_temple_entry_statues_fountains,
          nicolae_ossuary_entry_monument
D:8:      layout_cave_pools, serial_gnoll_camp, gnoll_camp_mini_basic,
          gnoll_camp_mini_hut, gnoll_camp_mini_sergeant,
          gnoll_camp_mini_doghouse, uniq_grum
D:9:      layout_loops_cross, overflow_temple_1_default,
          ebering_ghost_funeral_grove, uniq_pikel
D:10:     layout_gridville, lair_entry_dummy, basic_altar, enter_bailey_1
D:11:     layout_stronghold, basic_altar, uniq_fannar
D:12:     layout_long_grid, david_orc_3, gammafunk_ghost_grave, serial_shops,
          kennysheep_mini_moat, grunt_tengu_nest, uniq_gastronok, uniq_jorgrun
D:13:     layout_long_grid, basic_altar, minmay_microvault, uniq_maurice
D:14:     layout_cave_pools, david_vaults_1, minmay_parallelograms,
          serial_column_ruins, column_ruins_grid_1, column_ruins_columns_corner,
          column_ruins_corridor_straight, column_ruins_open_small,
          column_ruins_open_medium, uniq_louise, uniq_kirke, uniq_josephine
D:15:     hangedman_depths_entry_try_elsewhere_first, layout_loops_ring,
          chequers_serial_rivers_small_b
Lair:1:   layout_regular_city, kennysheep_rathole, lemuel_fruit_tree,
          serial_bayou_shore_b, infiniplex_staircase_pool_2
Lair:2:   layout_misc_corridors, minmay_snake_entry_guardpost_medium,
          beast_lair_carwin_10
Lair:3:   layout_small_grid, beast_lair_carwin_8, uniq_snorg
Lair:4:   layout_layer_cave, minmay_shoals_entry_hut, serial_bayou_shore_a,
          grunt_megastairs_1
Lair:5:   layout_misc_corridors, serial_bayou_pond_b, uniq_nessos
Lair:6:   evil_forest, layout_regular_city, dpeg_slime_entry_enclosed_altar,
          grunt_megastairs_2
Snake:1:  layout_basic, basic_altar, uniq_donald
Snake:2:  layout_layer_cave
Snake:3:  layout_gridlike, uniq_agnes, uniq_vashnia, uniq_aizul
Sewer:    kennysheep_pipe_town

Skill      XL: |  1  2  3  4  5  6  7  8  9 10 11 12 13 14 15 16 |
---------------+-------------------------------------------------+-----
Unarmed Combat | 3 4 5 6 7 8 10 11 13 | 13.3
Fighting       | 4 6 8 10 12 13 | 13.8
Shields        | 3 5 6 7 8 9 |  9.0
Invocations    | 2 5 |  5.1
Dodging        | 4 7 8 9 |  9.0
Armour         | 5 7 9 |  9.3
Bows           | 4 13 | 13.5

Action                   |  1- 3 |  4- 6 |  7- 9 | 10-12 | 13-15 | 16-18 || total
-------------------------+-------+-------+-------+-------+-------+-------++-------
Melee: Unarmed           |   299 |   364 |   449 |   780 |   833 |    51 ||  2776
       Kick              |    21 |    35 |   119 |   230 |   356 |    15 ||   776
       Spear             |    18 |       |       |       |       |       ||    18
       Punch             |       |       |       |       |    39 |     3 ||    42
       Staff             |       |       |       |       |    16 |       ||    16
       Longbow           |       |       |       |       |     5 |       ||     5
 Fire: Longbow           |       |       |       |       |   415 |    39 ||   454
Invok: Heroism           |       |       |     1 |    12 |    15 |     2 ||    30
       Finesse           |       |       |       |     2 |     1 |       ||     3
 Abil: Evoke Berserk Rag |       |       |       |     1 |     2 |       ||     3
Evoke: Wand              |       |       |       |     4 |     2 |       ||     6
  Use: Scroll            |     1 |     8 |     3 |     9 |    17 |     4 ||    42
       Potion            |     4 |     3 |     6 |     7 |     5 |       ||    25
  Eat: Ration            |     1 |     1 |     2 |     5 |     8 |       ||    17
       Chunk             |       |     5 |     6 |    10 |     7 |       ||    28
Armor: Scale mail        |   178 |   239 |   133 |   140 |       |       ||   690
       Plate armour      |       |       |       |   110 |   505 |       ||   615
       Crystal plate arm |       |       |       |       |   341 |    87 ||   428
Dodge: Dodged            |    67 |    97 |   114 |   117 |   226 |    15 ||   636
Block: Shield            |   123 |   201 |   188 |   373 |   162 |       ||  1047

Table legend:
 A = Non-vault XP
 B = Vault XP
 C = Vault XP percentage of total XP
 D = Non-vault monster count
 E = Vault monster count
 F = Vault count percentage of total count
                 A         B        C        D         E       F
            +---------+---------+-------+---------+---------+-------
      Total |  120210 |   44691 |  27.1 |     585 |     159 |  21.4
            +---------+---------+-------+---------+---------+-------
        D:1 |      46 |       0 |   0.0 |      22 |       0 |   0.0
        D:2 |      61 |       0 |   0.0 |      19 |       0 |   0.0
        D:3 |      76 |       9 |  10.6 |      26 |       4 |  13.3
        D:4 |     530 |      35 |   6.2 |      22 |       1 |   4.3
        D:5 |     802 |     277 |  25.7 |      24 |       1 |   4.0
        D:6 |    1485 |       0 |   0.0 |      37 |       0 |   0.0
        D:7 |    1375 |       0 |   0.0 |      30 |       0 |   0.0
        D:8 |     422 |    1140 |  73.0 |      10 |      23 |  69.7
        D:9 |     675 |    1534 |  69.4 |      10 |       5 |  33.3
       D:10 |    3081 |       0 |   0.0 |      36 |       0 |   0.0
       D:11 |    2989 |    1043 |  25.9 |      25 |       1 |   3.8
       D:12 |    3668 |    6166 |  62.7 |      16 |      10 |  38.5
       D:13 |    9504 |    1070 |  10.1 |      46 |       2 |   4.2
       D:14 |    9417 |    8030 |  46.0 |      30 |      13 |  30.2
       D:15 |   16182 |    2661 |  14.1 |      39 |       4 |   9.3
     Lair:1 |    2706 |     219 |   7.5 |      15 |      14 |  48.3
     Lair:2 |    3952 |    2957 |  42.8 |      15 |      13 |  46.4
     Lair:3 |    4492 |    2961 |  39.7 |      16 |      10 |  38.5
     Lair:4 |    5116 |     523 |   9.3 |      25 |       3 |  10.7
     Lair:5 |    6328 |    1372 |  17.8 |      21 |       1 |   4.5
     Lair:6 |   13172 |   10895 |  45.3 |      40 |      28 |  41.2
    Snake:1 |    7627 |    1889 |  19.9 |      14 |       1 |   6.7
    Snake:2 |   23978 |       0 |   0.0 |      42 |       0 |   0.0
    Snake:3 |    2526 |    1581 |  38.5 |       5 |       1 |  16.7
      Sewer |       0 |     329 | 100.0 |       0 |      24 | 100.0
            +---------+---------+-------+---------+---------+-------

Levels and vault maps discovered:
D:1:      lightli_arrival_lavapool, layout_basic
D:2:      lemuel_upstairs_altar, layout_basic, uniq_sigmund
D:3:      layout_basic, portal_sewer_entry_a, serial_forest,
          infiniplex_forest_clump_large, infiniplex_forest_zigzag_1,
          infiniplex_forest_clump_diagonal, infiniplex_forest_lined_corner,
          infiniplex_forest_lined_ring, infiniplex_forest_end_2,
          infiniplex_forest_corner_2, infiniplex_forest_straight_1,
          infiniplex_forest_lined_2
D:4:      layout_loops_ring, lemuel_coloured_pillars_altar, uniq_natasha
D:5:      layout_basic, lemuel_doored_altar, serial_shops, shop, first_ration,
          basic_altar, uniq_grinder
D:6:      layout_basic, grunt_temple_overflow_growth_and_decay,
          nicolae_overflow_crystal_walls, basic_altar
D:7:      layout_basic, old_standard_altar, old_standard_altar, tgw_sif,
          nicolae_overflow_hidden_temple, minmay_temple_entry_statues_fountains,
          nicolae_ossuary_entry_monument
D:8:      layout_cave_pools, serial_gnoll_camp, gnoll_camp_mini_basic,
          gnoll_camp_mini_hut, gnoll_camp_mini_sergeant,
          gnoll_camp_mini_doghouse, uniq_grum
D:9:      layout_loops_cross, overflow_temple_1_default,
          ebering_ghost_funeral_grove, uniq_pikel
D:10:     layout_gridville, lair_entry_dummy, basic_altar, enter_bailey_1
D:11:     layout_stronghold, basic_altar, uniq_fannar
D:12:     layout_long_grid, david_orc_3, gammafunk_ghost_grave, serial_shops,
          kennysheep_mini_moat, grunt_tengu_nest, uniq_gastronok, uniq_jorgrun
D:13:     layout_long_grid, basic_altar, minmay_microvault, uniq_maurice
D:14:     layout_cave_pools, david_vaults_1, minmay_parallelograms,
          serial_column_ruins, column_ruins_grid_1, column_ruins_columns_corner,
          column_ruins_corridor_straight, column_ruins_open_small,
          column_ruins_open_medium, uniq_louise, uniq_kirke, uniq_josephine
D:15:     hangedman_depths_entry_try_elsewhere_first, layout_loops_ring,
          chequers_serial_rivers_small_b
Lair:1:   layout_regular_city, kennysheep_rathole, lemuel_fruit_tree,
          serial_bayou_shore_b, infiniplex_staircase_pool_2
Lair:2:   layout_misc_corridors, minmay_snake_entry_guardpost_medium,
          beast_lair_carwin_10
Lair:3:   layout_small_grid, beast_lair_carwin_8, uniq_snorg
Lair:4:   layout_layer_cave, minmay_shoals_entry_hut, serial_bayou_shore_a,
          grunt_megastairs_1
Lair:5:   layout_misc_corridors, serial_bayou_pond_b, uniq_nessos
Lair:6:   evil_forest, layout_regular_city, dpeg_slime_entry_enclosed_altar,
          grunt_megastairs_2
Snake:1:  layout_basic, basic_altar, uniq_donald
Snake:2:  layout_layer_cave
Snake:3:  layout_gridlike, uniq_agnes, uniq_vashnia, uniq_aizul
Sewer:    kennysheep_pipe_town

Table legend:
 A = Turns spent in this place as a percentage of turns spent in the entire game.
 B = Non-inter-level travel turns spent in this place as a percentage of non-inter-level travel turns spent in the entire game.
 C = Inter-level travel turns spent in this place as a percentage of turns spent in this place.
 D = Turns resting spent in this place as a percentage of non-inter-level travel turns spent in this place.
 E = Turns spent auto-exploring this place as a percentage of non-inter-level travel turns spent in this place.
 F = Non-inter-level travel turns spent in this place divided by the number of levels of this place that you've seen.
                   A       B       C       D       E      F
               +-------+-------+-------+-------+-------+----------------------
         Total | 100.0 | 100.0 |   4.2 |  27.3 |  48.8 | 1150.7
       Dungeon |  60.9 |  60.9 |   4.3 |  28.8 |  47.2 | 1167.1
          Lair |  26.6 |  26.5 |   4.6 |  23.2 |  52.5 | 1272.2
     Snake Pit |   9.2 |   9.3 |   3.5 |  19.1 |  62.1 | 888.0
         Sewer |   3.2 |   3.4 |   0.0 |  54.1 |  13.8 | 965.0
               +-------+-------+-------+-------+-------+----------------------

Table legend:
 A = Kills in this place as a percentage of kills in entire the game.
 B = Kills by you in this place as a percentage of kills by you in the entire game.
 C = Kills by friends in this place as a percentage of kills by friends in the entire game.
 D = Other kills in this place as a percentage of other kills in the entire game.
 E = Experience gained in this place as a percentage of experience gained in the entire game.
 F = Experience gained in this place divided by the number of levels of this place that you have seen.
                   A       B       C       D       E      F
               +-------+-------+-------+-------+-------+----------------------
         Total | 100.0 | 100.0 |   N/A |   N/A | 100.0 | 6596.0
       Dungeon |  61.3 |  61.3 |   N/A |   N/A |  43.8 | 4818.5
          Lair |  27.0 |  27.0 |   N/A |   N/A |  33.2 | 9115.5
     Snake Pit |   8.5 |   8.5 |   N/A |   N/A |  22.8 | 12533.7
         Sewer |   3.2 |   3.2 |   N/A |   N/A |   0.2 | 329.0
               +-------+-------+-------+-------+-------+----------------------
